 Dungeon Crawl Stone Soup version 0.31-a0-182-gc5ef74bbde (webtiles) character file.

Game seed: 11333811232062788035

751 qw the Shooter (level 7, -5/66 HPs)
             Began as a Naga Hunter on June 20, 2023.
             Shot with an arrow by a centaur (7 damage)
             ... on level 5 of the Dungeon.
             The game lasted 00:01:27 (3058 turns).

qw the Shooter (Naga Hunter)                        Turns: 3058, Time: 00:01:28

Health: -5/66      AC:  6    Str: 13    XL:     7   Next: 78%
Magic:  7/7        EV: 10    Int:  9    God:
Gold:   3          SH:  0    Dex: 17    Spells: 6/6 levels left

rFire   + . .        Y - +0 shortbow
rCold   + . .        (shield currently unavailable)
rNeg    . . .        c - +0 leather armour
rPois   +            d - +2 helmet
rElec   .            h - scarf {rC+ rF+}
rCorr   .            (no gloves)
SInv    +            (no barding)
Will    .....        b - amulet of faith
Stlth   ++           (no ring)
HPRegen 0.31/turn    (no ring)
MPRegen 0.10/turn

%: faith
@: short of breath, very slow
A: AC +2, large, see invisible, deformed body, poison resistance, slowness 2,
spit poison 1, naga tail 1
a: Spit Poison


You were on level 5 of the Dungeon.
You visited 1 branch of the dungeon, and saw 5 of its levels.

You collected 223 gold pieces.
You spent 220 gold pieces at shops.


Innate Abilities, Weirdness & Mutations

Your serpentine skin is tough. (AC +2)
You have supernaturally acute eyesight. (SInv)
Armour fits poorly on your strangely shaped body.
Your system is resistant to poisons. (rPois)
You cover ground very slowly.
You can spit poison.
You have a snake-like lower body.


   Skills:
 - Level 4.8 Fighting
 + Level 7.3 Ranged Weapons
 - Level 2.1 Dodging
 - Level 1.5 Stealth


You had 6 spell levels left.
You didn't know any spells.
Your spell library was empty.

Inventory:

Hand Weapons
 Y - a +0 shortbow (weapon)
Armour
 c - a +0 leather armour (worn)
 d - a +2 helmet (worn)
 g - a +1 cloak
 h - a scarf of resistance (worn)
Jewellery
 b - an amulet of faith (around neck)
Scrolls
 f - a scroll of identify
Potions
 e - a potion of curing {unknown}
 i - a potion of magic {unknown}
 j - a potion of degeneration {unknown}

Dungeon Overview and Level Annotations

Branches:
Dungeon (5/15)
 Temple: D:4-7

Altars:
Ashenzari

Shops:
D:4 ?

Annotations:
D:5 Prince Ribbit


Message History

The centaur shouts!
Prince Ribbit blinks!
The centaur wields a +0 shortbow.
The centaur shoots an arrow.
The arrow hits you!
You shoot an arrow. The arrow hits Prince Ribbit.
Prince Ribbit is lightly wounded.
Prince Ribbit hits you! x2
You shoot an arrow. The arrow hits Prince Ribbit.
Prince Ribbit is lightly wounded.
The centaur shoots an arrow.
The arrow barely misses you. Prince Ribbit misses you.
The centaur shoots an arrow.
The arrow barely misses you.
You shoot an arrow.
The arrow hits Prince Ribbit but does no damage.
Prince Ribbit is lightly wounded.
Prince Ribbit hits you.
Prince Ribbit hits you but does no damage.
The centaur shoots an arrow.
The arrow completely misses you.
You shoot an arrow. The arrow hits Prince Ribbit!
Prince Ribbit is lightly wounded.
You have got your breath back.
The centaur shoots an arrow.
The arrow hits you. Prince Ribbit hits you.
3054 ||| INVOKING Spit Poison.
Aiming: Spit Poison (1% risk of failure)
Press: ? - help, Shift-Dir - straight line, f/p - Prince Ribbit The splash of poison hits Prince Ribbit!
Prince Ribbit is moderately wounded.
The centaur shoots an arrow.
The arrow closely misses you. Prince Ribbit hits you!
The centaur shoots an arrow.
The arrow hits you!
You shoot an arrow. The arrow hits Prince Ribbit!
Prince Ribbit is severely wounded.
Prince Ribbit blinks!
The centaur shoots an arrow.
The arrow barely misses you.
You shoot an arrow. The arrow hits the centaur.
The centaur is lightly wounded.
The centaur shoots an arrow.
The arrow barely misses you.
You shoot an arrow. The arrow barely misses the centaur.
Prince Ribbit blinks!
The centaur shoots an arrow.
The arrow hits you but does no damage.
You shoot an arrow. The arrow barely misses Prince Ribbit.
The centaur shoots an arrow.
The arrow hits you!
You die...

#.......^..# #######
#..........# #.....##...
#..........# #.....#....
#..........###..........
#..................%....
#...........##..........
#...........%...........
#############...F.......
#...@...c...
########..###....
.....###..## .
#.......#### ####
###..........
#...####.####.###.
###...<.##.# .....
...........#........
(...................


You could see Prince Ribbit and a centaur.

Vanquished Creatures
  A steam dragon (D:4)
  An ice beast (D:4)
  2 scorpions (D:4)
  A howler monkey (D:5)
  A jelly (D:4)
  An orc priest (D:4)
  3 iguanas (D:4)
  Natasha (D:2)
  2 orc wizards (D:4)
  4 adders
  An ufetubus (D:4)
  A worm (D:2)
  3 dart slugs
  15 orcs
  9 ball pythons
  6 endoplasms
  3 giant cockroaches
  5 goblins
  9 hobgoblins
  6 jackals
  2 quokkas (D:2)
  5 bats
  2 frilled lizards
  9 kobolds
  10 rats
103 creatures vanquished.

Vanquished Creatures (others)
  An adder (D:4)
1 creature vanquished.

Grand Total: 104 creatures vanquished

Notes
Turn   | Place    | Note
-------+----------+-------------------------------------------
     0 | D:1      | qw the Naga Hunter began the quest for the Orb.
     0 | D:1      | Reached XP level 1. HP: 19/19 MP: 1/1
     0 | D:1      | 0 ||| qw: Version: 0.3-a-9-g12657ce
     0 | D:1      | 0 ||| qw: Game counter: 1304
     0 | D:1      | 0 ||| qw: Always use a shield: true
     0 | D:1      | 0 ||| qw: God list: Okawaru
     0 | D:1      | 0 ||| qw: Allow faded altars: false
     0 | D:1      | 0 ||| qw: Do Orc after D:15 true
     0 | D:1      | 0 ||| qw: Do second Lair branch before Depths: true
     0 | D:1      | 0 ||| qw: Lair rune preference: random
     0 | D:1      | 0 ||| qw: Plans: Normal
     0 | D:1      | 0 ||| PLANNING D:1-11
    21 | D:1      | 21 ||| INVOKING Spit Poison.
    27 | D:1      | 27 ||| INVOKING Spit Poison.
    43 | D:1      | 43 ||| INVOKING Spit Poison.
    53 | D:1      | 53 ||| INVOKING Spit Poison.
    57 | D:1      | 57 ||| INVOKING Spit Poison.
    62 | D:1      | 62 ||| INVOKING Spit Poison.
   133 | D:1      | 133 ||| INVOKING Spit Poison.
   134 | D:1      | Reached skill level 4 in Ranged Weapons
   134 | D:1      | Reached XP level 2. HP: 25/26 MP: 2/2
   147 | D:1      | 147 ||| INVOKING Spit Poison.
   161 | D:1      | 161 ||| INVOKING Spit Poison.
   170 | D:1      | 170 ||| INVOKING Spit Poison.
   176 | D:1      | 176 ||| INVOKING Spit Poison.
   231 | D:1      | 231 ||| INVOKING Spit Poison.
   271 | D:1      | 271 ||| INVOKING Spit Poison.
   274 | D:1      | 274 ||| INVOKING Spit Poison.
   277 | D:1      | 277 ||| INVOKING Spit Poison.
   322 | D:1      | 322 ||| INVOKING Spit Poison.
   328 | D:1      | 328 ||| INVOKING Spit Poison.
   364 | D:1      | 364 ||| INVOKING Spit Poison.
   481 | D:1      | 481 ||| INVOKING Spit Poison.
   498 | D:1      | 498 ||| INVOKING Spit Poison.
   499 | D:1      | Reached XP level 3. HP: 32/32 MP: 3/3
   502 | D:1      | 502 ||| INVOKING Spit Poison.
   573 | D:1      | 573 ||| INVOKING Spit Poison.
   639 | D:1      | 639 ||| READING scroll labelled ZUBYEBLOETZ.
   640 | D:1      | 640 ||| READING scroll labelled ERGHYPH JEINE.
   644 | D:1      | 644 ||| READING scroll labelled ACAWNUMIYMM.
   704 | D:1      | 704 ||| READING scroll labelled MENNEPP ITZEO.
   705 | D:1      | 705 ||| DRINKING 2 blue potions.
   809 | D:1      | 809 ||| DRINKING 2 fuming sapphire potions.
   852 | D:1      | 852 ||| DROPPING scroll of butterflies.
   853 | D:1      | 853 ||| DROPPING potion of berserk rage.
   854 | D:1      | 854 ||| DROPPING potion of lignification.
   891 | D:2      | 891 ||| INVOKING Spit Poison.
   906 | D:2      | 906 ||| INVOKING Spit Poison.
   907 | D:2      | 907 ||| INVOKING Spit Poison.
   937 | D:2      | 937 ||| INVOKING Spit Poison.
   964 | D:2      | 964 ||| INVOKING Spit Poison.
  1009 | D:2      | 1009 ||| INVOKING Spit Poison.
  1070 | D:2      | 1070 ||| INVOKING Spit Poison.
  1087 | D:2      | 1087 ||| INVOKING Spit Poison.
  1094 | D:2      | 1094 ||| INVOKING Spit Poison.
  1116 | D:2      | 1116 ||| INVOKING Spit Poison.
  1157 | D:2      | 1157 ||| INVOKING Spit Poison.
  1160 | D:2      | Reached skill level 5 in Ranged Weapons
  1160 | D:2      | Reached XP level 4. HP: 39/39 MP: 4/4
  1197 | D:2      | 1197 ||| INVOKING Spit Poison.
  1239 | D:2      | 1239 ||| INVOKING Spit Poison.
  1294 | D:2      | 1294 ||| INVOKING Spit Poison.
  1310 | D:2      | 1310 ||| INVOKING Spit Poison.
  1378 | D:2      | Noticed Natasha
  1380 | D:2      | 1380 ||| INVOKING Spit Poison.
  1383 | D:2      | 1383 ||| INVOKING Spit Poison.
  1385 | D:2      | Killed Natasha
  1388 | D:2      | 1388 ||| INVOKING Spit Poison.
  1390 | D:2      | 1390 ||| INVOKING Spit Poison.
  1404 | D:2      | 1404 ||| INVOKING Spit Poison.
  1408 | D:2      | 1408 ||| INVOKING Spit Poison.
  1421 | D:2      | 1421 ||| INVOKING Spit Poison.
  1436 | D:2      | 1436 ||| INVOKING Spit Poison.
  1569 | D:2      | 1569 ||| UPGRADING to +0 cloak.
  1574 | D:2      | 1574 ||| UPGRADING to amulet of faith.
  1579 | D:2      | 1579 ||| READING scroll labelled BAWOUL RUAKOMI.
  1580 | D:2      | 1580 ||| READING scroll labelled KOMEOR IGECE.
  1581 | D:2      | 1581 ||| READING 2 scrolls of identify.
  1581 | D:2      | 1581 ||| IDENTIFYING viscous pink potion
  1582 | D:2      | 1582 ||| DROPPING potion of ambrosia.
  1623 | D:3      | 1623 ||| INVOKING Spit Poison.
  1625 | D:3      | Reached skill level 3 in Fighting
  1637 | D:3      | Found a broken altar of Ashenzari.
  1670 | D:3      | 1670 ||| INVOKING Spit Poison.
  1675 | D:3      | 1675 ||| INVOKING Spit Poison.
  1702 | D:3      | 1702 ||| INVOKING Spit Poison.
  1730 | D:3      | 1730 ||| INVOKING Spit Poison.
  1746 | D:3      | 1746 ||| INVOKING Spit Poison.
  1749 | D:3      | 1749 ||| INVOKING Spit Poison.
  1755 | D:3      | 1755 ||| INVOKING Spit Poison.
  1818 | D:3      | 1818 ||| INVOKING Spit Poison.
  1874 | D:3      | 1874 ||| INVOKING Spit Poison.
  1877 | D:3      | 1877 ||| INVOKING Spit Poison.
  1941 | D:3      | 1941 ||| INVOKING Spit Poison.
  1944 | D:3      | 1944 ||| INVOKING Spit Poison.
  1992 | D:3      | 1992 ||| INVOKING Spit Poison.
  2029 | D:3      | 2029 ||| UPGRADING to +0 helmet.
  2034 | D:3      | 2034 ||| READING scroll labelled REMEHOOLIO.
  2035 | D:3      | 2035 ||| READING scroll labelled JAOCEW DAMILO.
  2077 | D:4      | Noticed a scorpion
  2078 | D:4      | 2078 ||| INVOKING Spit Poison.
  2082 | D:4      | Reached XP level 5. HP: 48/49 MP: 5/5
  2084 | D:4      | 2084 ||| INVOKING Spit Poison.
  2085 | D:4      | 2085 ||| INVOKING Spit Poison.
  2090 | D:4      | 2090 ||| INVOKING Spit Poison.
  2100 | D:4      | 2100 ||| INVOKING Spit Poison.
  2106 | D:4      | Reached skill level 6 in Ranged Weapons
  2107 | D:4      | 2107 ||| INVOKING Spit Poison.
  2229 | D:4      | Reached XP level 6. HP: 56/56 MP: 6/6
  2237 | D:4      | 2237 ||| INVOKING Spit Poison.
  2242 | D:4      | 2242 ||| INVOKING Spit Poison.
  2246 | D:4      | 2246 ||| INVOKING Spit Poison.
  2290 | D:4      | Noticed a steam dragon
  2291 | D:4      | 2291 ||| INVOKING Spit Poison.
  2298 | D:4      | 2298 ||| INVOKING Spit Poison.
  2304 | D:4      | Killed a steam dragon
  2305 | D:4      | 2305 ||| INVOKING Spit Poison.
  2337 | D:4      | 2337 ||| INVOKING Spit Poison.
  2343 | D:4      | 2343 ||| INVOKING Spit Poison.
  2533 | D:4      | 2533 ||| INVOKING Spit Poison.
  2544 | D:4      | Reached XP level 7. HP: 66/66 MP: 7/7
  2545 | D:4      | 2545 ||| INVOKING Spit Poison.
  2549 | D:4      | 2549 ||| INVOKING Spit Poison.
  2552 | D:4      | 2552 ||| INVOKING Spit Poison.
  2559 | D:4      | 2559 ||| INVOKING Spit Poison.
  2636 | D:4      | 2636 ||| INVOKING Spit Poison.
  2641 | D:4      | 2641 ||| INVOKING Spit Poison.
  2778 | D:4      | 2778 ||| INVOKING Spit Poison.
  2781 | D:4      | 2781 ||| INVOKING Spit Poison.
  2788 | D:4      | 2788 ||| INVOKING Spit Poison.
  2821 | D:4      | Found Vufun's Magic Scroll Emporium.
  2828 | D:4      | 2828 ||| BUYING scroll of enchant armour (97 gold).
  2828 | D:4      | Bought a scroll of enchant armour for 97 gold pieces
  2828 | D:4      | 2828 ||| BUYING scroll of enchant armour (97 gold).
  2828 | D:4      | Bought a scroll of enchant armour for 97 gold pieces
  2828 | D:4      | 2828 ||| BUYING scroll of identify (26 gold).
  2828 | D:4      | Bought a scroll of identify for 26 gold pieces
  2828 | D:4      | 2828 ||| READING 3 scrolls of enchant armour.
  2828 | D:4      | 2828 ||| ENCHANTING +0 helmet.
  2829 | D:4      | 2829 ||| READING 2 scrolls of enchant armour.
  2829 | D:4      | 2829 ||| ENCHANTING +1 helmet.
  2830 | D:4      | 2830 ||| READING scroll of enchant armour.
  2830 | D:4      | 2830 ||| ENCHANTING +0 cloak.
  2859 | D:4      | 2859 ||| UPGRADING to scarf of resistance.
  2869 | D:4      | 2869 ||| READING 2 scrolls of identify.
  2869 | D:4      | 2869 ||| IDENTIFYING ruby potion
  2870 | D:4      | 2870 ||| DROPPING potion of attraction.
  2876 | D:5      | Entered Level 5 of the Dungeon
  2877 | D:5      | 2877 ||| INVOKING Spit Poison.
  2881 | D:5      | 2881 ||| STAIRDANCE
  2884 | D:4      | 2884 ||| INVOKING Spit Poison.
  2906 | D:4      | Reached skill level 7 in Ranged Weapons
  3024 | D:5      | 3024 ||| INVOKING Spit Poison.
  3039 | D:5      | 3039 ||| INVOKING Spit Poison.
  3048 | D:5      | Noticed Prince Ribbit
  3049 | D:5      | 3049 ||| INVOKING Spit Poison.
  3054 | D:5      | 3054 ||| INVOKING Spit Poison.
  3054 | D:5      | HP: 12/66 [Prince Ribbit (12)]
  3054 | D:5      | HP: 1/66 [centaur/arrow (11)]
  3058 | D:5      | Shot with an arrow by a centaur

Levels and vault maps discovered:
D:1:      minmay_arrival_hallway, layout_loops_cross, minmay_pentomino_o2
D:2:      layout_basic, uniq_natasha
D:3:      layout_rooms, overflow_temple_1_default
D:4:      layout_basic, serial_shops, nicolae_shop_trees,
          hangedman_abyss_or_decor_stagger
D:5:      layout_rooms, uniq_prince_ribbit1

Skill      XL: |  1  2  3  4  5  6  7 |
---------------+----------------------+-----
Ranged Weapons | 4 5 6 7 |  7.3
Fighting       | 3 4 |  4.8
Dodging        | 2 |  2.1
Stealth        | |  1.5

Action                     |  1- 3 |  4- 6 |  7- 9 || total
---------------------------+-------+-------+-------++-------
   Fire: Shortbow          |    77 |   108 |    72 ||   257
Ability: Spit Poison       |    32 |    40 |    15 ||    87
    Use: Scroll            |     4 |     5 |     4 ||    13
         Potion            |     2 |       |       ||     2
 Armour: Leather armour    |     4 |    20 |    16 ||    40
  Dodge: Dodged            |    16 |    41 |    34 ||    91

Table legend:
 A = Non-vault XP
 B = Vault XP
 C = Vault XP percentage of total XP
 D = Non-vault monster count
 E = Vault monster count
 F = Vault count percentage of total count
                 A         B        C        D         E       F
            +---------+---------+-------+---------+---------+-------
      Total |    1037 |      37 |   3.4 |     101 |       3 |   2.9
            +---------+---------+-------+---------+---------+-------
        D:1 |      40 |       2 |   4.8 |      25 |       2 |   7.4
        D:2 |      59 |      35 |  37.2 |      26 |       1 |   3.7
        D:3 |      25 |       0 |   0.0 |      11 |       0 |   0.0
        D:4 |     845 |       0 |   0.0 |      37 |       0 |   0.0
        D:5 |      68 |       0 |   0.0 |       2 |       0 |   0.0
            +---------+---------+-------+---------+---------+-------
